 Dungeon Crawl Stone Soup version 0.23-a0-301-g9da9e51 (webtiles) character file.

28 michailiordanis the Digger (level 3, -3/20 HPs)
             Began as a Gargoyle Earth Elementalist on Oct 5, 2018.
             Slain by a worm (7 damage)
             ... on level 2 of the Dungeon on Oct 7, 2018.
             The game lasted 00:12:25 (1151 turns).

michailiordanis the Digger (GrEE)                   Turns: 1151, Time: 00:12:26

Health: -3/20      AC:  5    Str: 15    XL:     3   Next: 14%
Magic:  3/6        EV: 12    Int: 16    God:
Gold:   53         SH:  0    Dex: 10    Spells: 2/6 levels left

rFire    . . .     SeeInvis .   j - +0 club
rCold    . . .     Gourm    .   (no shield)
rNeg     + . .     Faith    .   c - +0 robe
rPois    ∞         Spirit   .   (no helmet)
rElec    +         Reflect  .   (no cloak)
rCorr    .         Harm     .   (no gloves)
MR       .....                  (no boots)
Stlth    ++........             h - amulet of rage
HPRegen  0.06/turn              m - +4 ring of strength
MPRegen  0.10/turn              (no ring)

@: no status effects
A: negative energy resistance 1, electricity resistance, unbreathing,
petrification resistance, rot immunity, AC +3
a: Evoke Berserk Rage


You were on level 2 of the Dungeon.
You were hungry.

You visited 1 branch of the dungeon, and saw 2 of its levels.

You collected 53 gold pieces.

Inventory:

Hand Weapons
 j - a +0 club (weapon)
 n - a +0 hand axe
Missiles
 b - 15 stones (quivered)
Armour
 c - a +0 robe (worn)
Jewellery
 h - an amulet of rage (around neck)
 m - a +4 ring of strength (left hand)
 o - an uncursed amulet of guardian spirit {unknown}
Scrolls
 f - 4 scrolls of identify {unknown}
 g - 2 scrolls of remove curse {unknown}
 l - a scroll of teleportation {unknown}
 p - a scroll of amnesia {unknown}
Potions
 a - a potion of curing {unknown}
 e - a potion of heal wounds {unknown}
 i - a potion of cancellation {unknown}
 k - 2 potions of degeneration {unknown}
Comestibles
 d - 4 rations


   Skills:
 + Level 1.0 Fighting
 + Level 0.3 Maces & Flails
 - Level 0.2 Armour
 + Level 1.9 Dodging
 + Level 2.5 Stealth
 + Level 2.3 Spellcasting
   Level 0.7 Transmutations
 + Level 3.9 Earth Magic


You had 2 spell levels left.
You knew the following spells:

 Your Spells              Type           Power        Failure   Level  Hunger
a - Sandblast             Erth           ##....       4%          1    #......
b - Stone Arrow           Conj/Erth      #.....       26%         3    ###....

Your spell library contained the following spells:

 Spells                   Type           Power        Failure   Level  Hunger
 Passwall                 Tmut/Erth      #.......     12%         2    ###....
 Petrify                  Tmut/Erth      #.......     61%         4    #####..
 Lee's Rapid Deconstruct  Erth           ##........   73%         5    ######.


Dungeon Overview and Level Annotations

Branches:
Dungeon (2/15)

Altars:


Innate Abilities, Weirdness & Mutations

You are resistant to torment.
Your stone body is resilient. (AC +3)
You are immune to poison.
You resist negative energy. (rN+)
You are resistant to electric shocks. (rElec)
You can survive without breathing.
You are immune to petrification.
You are immune to rotting.


Message History

The worm barely misses you.
You barely miss the worm.
The worm is heavily wounded.
The worm bites you but does no damage.
You hit the worm.
The worm is heavily wounded.
The worm bites you.
* * * LOW HITPOINT WARNING * * *
You hit the worm.
The worm is heavily wounded.
The worm barely misses you.
You hit the worm.
The worm is heavily wounded.
You hit the worm.
The worm is severely wounded.
The worm barely misses you.
You hit the worm but do no damage.
The worm is severely wounded.
The worm bites you!
You die...

#.# ### #.#
##.##
#.#######.#.##
#........###.#
#########
#########.#.##
#...w$...
##.##
#.####### #.#
#####.#
#.######.....#
#..@w....#####
##########


You could see a worm.

Vanquished Creatures
  An ooze (D:2)
  A worm (D:2)
  A ball python (D:1)
  A giant cockroach (D:2)
  3 hobgoblins
  2 kobolds (D:2)
  4 bats (D:1)
  A frilled lizard (D:1)
  A goblin (D:1)
  9 rats
24 creatures vanquished.

Notes
Turn   | Place    | Note
-------+----------+-------------------------------------------
     0 | D:1      | michailiordanis the Gargoyle Earth Elementalist began the
                  | quest for the Orb.
     0 | D:1      | Reached XP level 1. HP: 10/10 MP: 3/3
   384 | D:1      | Reached XP level 2. HP: 10/16 MP: 0/5
   953 | D:2      | Reached XP level 3. HP: 11/20 MP: 0/6
   999 | D:2      | Learned a level 3 spell: Stone Arrow
  1024 | D:2      | Reached skill level 1 in Fighting
  1072 | D:2      | Upgraded the game from 0.23-a0-296-ga3b1b28 to
                  | 0.23-a0-301-g9da9e51
  1151 | D:2      | Slain by a worm

Vault maps used:
D:1:      dpeg_arrival_ratfight
D:2:      okawaru_altar_gauntlet_db, grunt_gozag_statues

Skill      XL: |  1  2  3 |
---------------+----------+-----
Fighting       | 1 |  1.0
Maces & Flails | |  0.3
Armour         | |  0.2
Dodging        | |  1.9
Stealth        | |  2.5
Spellcasting   | |  2.3
Transmutations | |  0.7
Earth Magic    | |  3.9

Action                   || total
-------------------------++-------
Melee: Club              ||    55
 Cast: Sandblast         ||    22
       Stone Arrow       ||     3
 Stab: Sleeping          ||     1
  Eat: Chunk             ||     1
Armor: Robe              ||    21
Dodge: Dodged            ||    41

Table legend:
 A = Non-vault XP
 B = Vault XP
 C = Vault XP percentage of total XP
 D = Non-vault monster count
 E = Vault monster count
 F = Vault count percentage of total count
                 A         B        C        D         E       F
            +---------+---------+-------+---------+---------+-------
      Total |      36 |       5 |  12.2 |      19 |       5 |  20.8
            +---------+---------+-------+---------+---------+-------
        D:1 |      16 |       5 |  23.8 |      12 |       5 |  29.4
        D:2 |      20 |       0 |   0.0 |       7 |       0 |   0.0
            +---------+---------+-------+---------+---------+-------
